 Seeded DCSS version 0.30.1-9-gdf580d7c3d (webtiles) character file.

Game seed: 920673320228942481 (custom seed)

2261 Psyclone the Destroyer (level 9, 45/45 HPs)
             Began as a Deep Elf Conjurer on Oct 9, 2023.
             Was an Initiate of Gozag.
             Quit the game on level 7 of the Dungeon.
             The game lasted 00:08:38 (3132 turns).

Psyclone the Destroyer (Deep Elf Conjurer)          Turns: 3132, Time: 00:08:39

Health: 45/45      AC:  2    Str:  4    XL:     9   Next: 15%
Magic:  15/15      EV: 12    Int: 28    God:    Gozag
Gold:   1135       SH:  0    Dex: 13    Spells: 11/14 levels left

rFire   . . .        m - +4 dagger
rCold   . . .        (no shield)
rNeg    . . .        a - +0 robe
rPois   .            (no helmet)
rElec   .            (no cloak)
rCorr   .            (no gloves)
SInv    .            (no boots)
Will    .....        e - amulet of the acrobat
Stlth   ++           (no ring)
HPRegen 0.27/turn    (no ring)
MPRegen 0.14/turn

%: acrobat
@: no status effects
A: no striking features
a: Renounce Religion, Potion Petition, Call Merchant, Bribe Branch


You were on level 7 of the Dungeon.
You worshipped Gozag.
Gozag was most pleased with you.
You visited 1 branch of the dungeon, and saw 7 of its levels.

You collected 1884 gold pieces.
You paid 749 gold pieces to Gozag.

Inventory:

Hand Weapons
 i - a +2 dagger of venom
 m - a +4 dagger (weapon)
Armour
 a - a +0 robe (worn)
Jewellery
 e - an amulet of the acrobat (around neck)
 p - an amulet of regeneration
Scrolls
 h - 2 scrolls of identify {unknown}
 l - 2 scrolls of enchant weapon {unknown}
 n - a scroll of fog {unknown}
Potions
 f - a potion of ambrosia {unknown}
 g - a potion of might
 j - 2 potions of attraction {unknown}
 k - a potion of resistance {unknown}


   Skills:
 - Level 2.4 Dodging
 - Level 2.4 Stealth
 - Level 3.0 Spellcasting
 + Level 13.8 Conjurations


You had 11 spell levels left.
You knew the following spells:

 Your Spells              Type           Power      Damage    Failure   Level
a - Magic Dart            Conj           100%       1d8       1%          1
b - Searing Ray           Conj           100%       2d8       1%          2

Your spell library contained the following spells:

 Spells                   Type           Power      Damage    Failure   Level
 Dazzling Flash           Conj/Hex       86%        N/A       1%          3
 Stone Arrow              Conj/Erth      86%        3d12      1%          3
 Fulminant Prism          Conj/Hex       21%        3d12      4%          4
 Iskenderun's Mystic Bla  Conj/Tloc      43%        2d10      4%          4
 Sandblast                Erth           8%         2d5       9%          1
 Passwall                 Tmut/Erth      3%         N/A       12%         2
 Summon Lightning Spire   Summ/Air       4%         N/A       63%         4
 Storm Form               Tmut/Air       2%         N/A       100%        7
 Maxwell's Capacitive Co  Air            2%         ∞         100%        8


Dungeon Overview and Level Annotations

Branches:
Dungeon (7/15) Zot: 24385
 Temple: D:4-7

Altars:
Ashenzari
Fedhas
Gozag
Zin

Shops:
D:7 =

Annotations:
D:5 Menkaure


Message History

The magic dart hits the scorpion.
You kill the scorpion!
You now have 0/15 mp.
You start resting.
You feel a little less mighty now.
You regained 18 hp, and now have 23/45 hp.
You regained 10 mp, and now have 10/15 mp.
You start resting.
Magic restored.
You regained 9 hp, and now have 32/45 hp.
MP restored: 15 You start resting.
HP restored.
Health restored: 45
Found 15 gold pieces.
There is a stone staircase leading down, spattered with blood here.
You climb downwards.
There is a stone staircase leading up here.
There is an open gate here.
There is an open gate here.
There is an open gate here.
There is an open gate here.
There is an opulent altar of Gozag here.
This is a scroll of acquirement!
Something appears at your feet!
You now have 872 gold pieces (gained 788).
There is an opulent altar of Gozag here.
You kneel at the altar of Gozag.
Gozag welcomes you!
You pay a service fee of 134 gold.
You have enough gold to petition Gozag for potion effects.
Something appears at your feet! Something appears at your feet!
You now have enough gold to fund merchants seeking to open stores in the dungeon.
You now have 1750 gold pieces (gained 1012). [a] 615 gold - Ahoelusch's Jewellery Emporium [b] 407 gold - Muzxigoi's Distillery [c] 566 gold - Iprib's Weapon Shop Fund which merchant?
Ahoelusch invites you to visit her Jewellery Emporium.
Unknown command.
Are you sure you want to abandon this character and quit the game? (Confirm with "yes".)

#.##.####..# #... ##########
#.##.# #..# #... .........#
#.##.# #..### #... .........#
#.##.# #....# #...
.........####.##.# #.##.## #...
...............#.####.##..# #...
.........#######.#....###.## #..^
#'#######......######## #..# #...
#.# #.######@..#######.###... #.#
#.# #._.#........##... #.# #.#
#...#.........#... #.#
#.######'''#............. ..#
#.....##...#........#....
#########.###..'.P.'........#.#.#
..........# ##.'.P.'........+....
########### #.'.P.'........#...#
###...#.........>.##


There were no monsters in sight!

Vanquished Creatures
  2 steam dragons
  Duvessa (D:7)
  A sky beast (D:7)
  A black bear (D:6)
  An orc warrior (D:7)
  A centaur (D:6)
  An ogre (D:6)
  2 phantoms (D:6)
  2 kobold brigands
  A gnoll sergeant (D:7)
  3 bullfrogs
  5 scorpions
  A wight (D:6)
  Dowan (D:7)
  8 killer bees (D:7)
  A hound (D:4)
  An orc priest (D:6)
  2 jellies (D:6)
  3 orc wizards
  3 gnolls (D:7)
  An adder (D:6)
  3 white imps
  An ufetubus (D:6)
  A dart slug (D:1)
  13 orcs
  A ball python (D:4)
  An endoplasm (D:3)
  10 kobolds
72 creatures vanquished.

Notes
Turn   | Place    | Note
-------+----------+-------------------------------------------
     0 | D:1      | Psyclone the Deep Elf Conjurer began the quest for the Orb.
     0 | D:1      | Reached XP level 1. HP: 10/10 MP: 6/6
   164 | D:4      | Noticed a hound
   169 | D:4      | Killed a hound
   170 | D:4      | Reached skill level 5 in Conjurations
   170 | D:4      | Reached XP level 2. HP: 15/15 MP: 2/8
   170 | D:4      | Reached XP level 3. HP: 19/19 MP: 2/9
   391 | D:5      | Entered Level 5 of the Dungeon
   417 | D:5      | Noticed a scorpion
   423 | D:5      | Killed a scorpion
   424 | D:5      | Reached skill level 6 in Conjurations
   424 | D:5      | Reached XP level 4. HP: 24/24 MP: 3/10
   479 | D:5      | Learned a level 2 spell: Searing Ray
   484 | D:5      | Noticed Menkaure
   505 | D:6      | Noticed a phantom
   512 | D:6      | Killed a phantom
   513 | D:6      | Reached skill level 7 in Conjurations
   513 | D:6      | Reached XP level 5. HP: 28/28 MP: 2/11
   515 | D:6      | Noticed a centaur
   660 | D:7      | Noticed a steam dragon
   668 | D:7      | Killed a steam dragon
   669 | D:7      | Reached skill level 8 in Conjurations
   669 | D:7      | Reached XP level 6. HP: 32/32 MP: 3/12
   682 | D:7      | Found an opulent altar of Gozag.
   945 | D:7      | Found a blossoming altar of Fedhas.
   997 | D:7      | Reached skill level 9 in Conjurations
  1000 | D:7      | Reached XP level 7. HP: 22/36 MP: 4/13
  1252 | D:7      | Noticed Dowan
  1253 | D:7      | Noticed Duvessa
  1269 | D:7      | Killed Duvessa
  1270 | D:7      | Reached skill level 10 in Conjurations
  1272 | D:7      | Killed Dowan
  1499 | D:7      | Reached skill level 11 in Conjurations
  1499 | D:7      | Reached XP level 8. HP: 41/41 MP: 8/14
  1565 | D:7      | Found a glowing silver altar of Zin.
  1831 | D:7      | Found a broken altar of Ashenzari.
  1987 | D:7      | Reached skill level 12 in Conjurations
  2751 | D:6      | Reached skill level 13 in Conjurations
  2761 | D:6      | Reached XP level 9. HP: 30/45 MP: 9/15
  3123 | D:7      | Identified 3 scrolls of acquirement
  3123 | D:7      | Acquired 788 gold pieces
  3126 | D:7      | Became a worshipper of Gozag Ym Sagoz the Greedy
  3127 | D:7      | Acquired 296 gold pieces
  3128 | D:7      | Acquired 716 gold pieces
  3132 | D:7      | Quit the game

Illustrated notes

Levels and vault maps discovered:
D:1:      dpeg_arrival_orchard, layout_basic
D:2:      layout_loops_corners, uniq_natasha, uniq_crazy_yiuf_cottage
D:3:      layout_basic, serial_shops, nicolae_shop_stone, shop
D:4:      layout_basic, nicolae_figureground_sparkle, uniq_sigmund, uniq_robin,
          uniq_blork_the_orc
D:5:      layout_cave_pools, nicolae_ru_path_of_blood, minmay_quadrilaterals,
          uniq_menkaure, uniq_ijyb
D:6:      cheibrodos_barr_body, layout_rooms, lemuel_doored_altar,
          minmay_temple_entry_large_hall, hangedman_decor_growths,
          minmay_fractal_squares_gapless_5
D:7:      layout_basic, mainiacjoe_overflow_big_doors, lemuel_tele_altar,
          zin_scriptorium, nicolae_figureground_pulse, uniq_duvessa

Skill      XL: |  1  2  3  4  5  6  7  8 |
---------------+-------------------------+-----
Conjurations   | 5 6 7 8 9 11 13 | 13.8
Dodging        | |  2.4
Stealth        | |  2.4
Spellcasting   | |  3.0

Action                     |  1- 3 |  4- 6 |  7- 9 || total
---------------------------+-------+-------+-------++-------
  Melee: Dagger            |       |       |    19 ||    19
   Cast: Magic Dart        |    22 |     3 |    26 ||    51
         Searing Ray       |       |     9 |    36 ||    45
 Invoke: Call Merchant     |       |       |     1 ||     1
    Use: Potion            |       |       |     4 ||     4
         Scroll            |       |       |     3 ||     3
 Armour: Skin              |       |       |    55 ||    55
  Dodge: Dodged            |     1 |    19 |    67 ||    87
